 Dungeon Crawl Stone Soup version 0.28.0-53-g5a82cb258f (webtiles) character file.

Game seed: 6234127494961839162

90 kudzoo the Chucker (level 4, -1/42 HPs)
             Began as a Troll Hunter on July 31, 2022.
             Killed by divine providence
             ... invoked by an orc priest
              (15 damage)
             ... on level 3 of the Dungeon.
             The game lasted 00:06:42 (382 turns).

kudzoo the Chucker (Troll Hunter)                    Turns: 382, Time: 00:06:42

Health: -1/42      AC:  4    Str: 20    XL:     4   Next: 32%
Magic:  12/12      EV: 10    Int:  7    God:
Gold:   12         SH:  0    Dex: 12    Spells: 3/3 levels left

rFire   . . .      SeeInvis .     - Unarmed
rCold   . . .      Faith    .   (no shield)
rNeg    . . .      Spirit   .   b - +0 robe
rPois   .          Reflect  .   (helmet restricted)
rElec   .          Harm     .   (no cloak)
rCorr   .          Rampage  .   (gloves unavailable)
Will    .....                   (boots unavailable)
Stlth   +.........              (no amulet)
HPRegen 0.94/turn               n - ring of magical power
MPRegen 0.13/turn               (no ring)

@: no status effects
A: large, unfitting armour, claws 3, regeneration 1, shaggy fur 1, tough skin 1
a: no special abilities


You were on level 3 of the Dungeon.
You visited 1 branch of the dungeon, and saw 4 of its levels.

You collected 12 gold pieces.

Inventory:

Hand Weapons
 a - a +0 short sword
 j - a +0 spear
 l - a +0 mace
Missiles
 c - 5 large rocks (quivered)
 d - 2 throwing nets
 h - 57 stones
Armour
 b - a +0 robe (worn)
Jewellery
 n - a ring of magical power (left claw)
Scrolls
 f - 2 scrolls of immolation {unknown}
 m - a scroll of fear {unknown}
Potions
 e - 2 potions of lignification {unknown}
 g - 2 potions of flight {unknown}
 i - a potion of curing {unknown}
 k - a potion of haste {unknown}


   Skills:
 * Level 2.0 Fighting
 + Level 4.8 Throwing
 + Level 1.8 Dodging
 + Level 0.4 Stealth
 * Level 1.3 Unarmed Combat


You had 3 spell levels left.
You didn't know any spells.
Your spell library was empty.

Dungeon Overview and Level Annotations

Branches:
Dungeon (4/15)
 Temple: D:4-7

Altars:


Innate Abilities, Weirdness & Mutations

You are too large for most types of armour.
You have claws for hands.
Your natural rate of healing is unusually fast.
You are covered in fur. (AC +1)
You have tough skin. (AC +1)


Message History

You climb downwards.
The quokka bites you. x2
There is a stone staircase leading up, spattered with blood here.
You closely miss the quokka. The quokka closely misses you.
You closely miss the quokka.
The quokka bites you but does no damage.
You claw the quokka!
You kill the quokka!
There is a stone staircase leading up, spattered with blood here.
You climb upwards.
There is a stone staircase leading down here.
An orc wizard comes into view. It is wielding a +0 dagger.
Found a scroll labelled NUQUAG FOSEORU.
An orc comes into view. It is wielding a +0 club.
The orc shouts!
The orc wizard shouts!
You hear a shout!
An orc comes into view. It is wielding a +0 short sword.
An orc priest comes into view. It is wielding a +0 dagger.
The orc priest shouts!
The orc wizard completely misses you.
You scratch the orc wizard.
You claw the orc wizard, but do no damage.
The orc wizard is moderately wounded.
The orc priest invokes the aid of Beogh against you.
Beogh smites you!
You closely miss the orc. You claw the orc.
The orc is moderately wounded.
You claw the orc wizard!
The orc wizard is almost dead.
You scratch the orc wizard.
You kill the orc wizard!
The orc hits you with a +0 club.
The orc priest calls down the wrath of Beogh upon you.
Beogh smites you!
* * * LOW HITPOINT WARNING * * *
You hear a shout!
Your Fighting skill increases to level 2!
You have reached level 4!
The orc hits you but does no damage.
The orc priest invokes the aid of Beogh against you.
Beogh smites you!
You die...

.##.
.....#############
#?....o........#
#...o)o..#####.#
########@# #.#
#######.#####.###
#...............#
#.##.########.#.#
#########.##.######
#.#.#
............†.....#
#.#.#
#######.#.#######.#
#.#.# #.#.# #.#
#...## #.#.# #<#
##...#


You could see an orc priest and 2 orcs.

Vanquished Creatures
  A water moccasin skeleton (D:3)
  An orc wizard (D:3)
  An adder (D:3)
  A goblin (D:4)
  A hobgoblin (D:2)
  2 jackals (D:2)
  A quokka (D:4)
  2 bats (D:2)
  A frilled lizard (D:2)
  3 rats (D:2)
14 creatures vanquished.

Notes
Turn   | Place    | Note
-------+----------+-------------------------------------------
     0 | D:1      | kudzoo the Troll Hunter began the quest for the Orb.
     0 | D:1      | Reached XP level 1. HP: 19/19 MP: 0/0
    20 | D:2      | Found Xilluew's Antique Weapon Emporium.
   137 | D:2      | Reached skill level 4 in Throwing
   137 | D:2      | Reached XP level 2. HP: 27/27 MP: 1/1
   270 | D:3      | Reached skill level 1 in Unarmed Combat
   270 | D:3      | Reached XP level 3. HP: 33/35 MP: 2/2
   380 | D:3      | Reached XP level 4. HP: 11/42 MP: 3/3
   382 | D:3      | Killed from afar by an orc priest

Illustrated notes

Levels and vault maps discovered:
D:1:      minmay_arrival_up_and_down, layout_basic
D:2:      layout_rooms, serial_shops, shop,
          shapermc_ecumenical_altar_hornbeckon, dk_noncrumbling_4,
          minmay_distorted, uniq_natasha
D:3:      layout_loops_ring, chequers_serial_rivers_micro_d
D:4:      layout_basic, gammafunk_ghost_gnarly_gnolls, kennysheep_pointless_box

Skill      XL: |  1  2  3 |
---------------+----------+-----
Throwing       | 4 |  4.8
Unarmed Combat | 1 |  1.3
Fighting       | 2 |  2.0
Dodging        | |  1.8
Stealth        | |  0.4

Action                   |  1- 3 |  4- 6 || total
-------------------------+-------+-------++-------
Melee: Unarmed           |    39 |       ||    39
       Short sword       |     3 |       ||     3
       Punch             |     2 |       ||     2
Armor: Robe              |    17 |     1 ||    18
Dodge: Dodged            |    16 |       ||    16
